 Dungeon Crawl Stone Soup version 0.29.1-13-g9f3cf754e1 (webtiles) character file.

Game seed: 11567854577033674241

14837 sillycutie the Severer (level 11, -3/95 HPs)
             Began as a Minotaur Berserker on Jan 27, 2023.
             Was a Follower of Trog.
             Killed from afar by a manticore (11 damage)
             ... with a volley of spikes
             ... on level 12 of the Dungeon on Feb 1, 2023.
             The game lasted 01:34:23 (15132 turns).

sillycutie the Severer (Minotaur Berserker)        Turns: 15132, Time: 01:34:26

Health: -3/95      AC: 20    Str: 32    XL:     11   Next: 94%
Magic:  10/10      EV:  7    Int:  4    God:    Trog [*.....]
Gold:   664        SH:  9    Dex: 10    Spells: 10/10 levels left

rFire   . . .      SeeInvis .   Z - +2 mace (vorpal)
rCold   . . .      Faith    .   I - +0 kite shield
rNeg    . . .      Spirit   .   o - +2 plate armour
rPois   .          Reflect  .   (helmet restricted)
rElec   .          Harm     .   H - +1 cloak
rCorr   .          Rampage  .   (no gloves)
Will    .....                   X - +1 pair of boots
Stlth   ..........              (no amulet)
HPRegen 0.25/turn               k - ring of flight
MPRegen 0.12/turn               F - +6 ring of strength

@: spiked, on berserk cooldown, flying, slowed, very slow
A: horns 2, retaliatory headbutt
a: Renounce Religion, Berserk


You were on level 12 of the Dungeon.
You worshipped Trog.
Trog was aware of your devotion.
You visited 3 branches of the dungeon, and saw 14 of its levels.

You collected 664 gold pieces.

Inventory:

Hand Weapons
 w - a +0 flail
 G - a +2 vorpal hand axe
 M - a +4 war axe
 Z - a +2 vorpal mace (weapon)
Missiles
 h - 57 stones
 l - 2 throwing nets
 y - 6 curare-tipped darts
 C - 3 boomerangs
 E - 7 poisoned darts (quivered)
 L - 2 silver javelins
Armour
 o - a +2 plate armour (worn)
 H - a +1 cloak (worn)
 I - a +0 kite shield (worn)
 X - a +1 pair of boots (worn)
Jewellery
 k - a ring of flight (left hand)
 F - a +6 ring of strength (right hand)
 J - a +4 ring of protection
 P - a ring of protection from cold
Wands
 a - a wand of charming (4)
 s - a wand of roots (6)
 u - a wand of acid (10)
 v - a wand of digging (1)
Scrolls
 c - a scroll of fear
 d - a scroll of amnesia
 e - a scroll of torment {unknown}
 i - a scroll of enchant weapon
 j - 2 scrolls of blinking
 m - 3 scrolls of teleportation
 q - a scroll of summoning {unknown}
 r - 2 scrolls of identify
 t - a scroll of brand weapon {unknown}
 x - a scroll of noise {unknown}
 A - a scroll of magic mapping
 N - a scroll of enchant armour
 O - 2 scrolls of immolation {unknown}
 S - a scroll of vulnerability
 V - a scroll of butterflies
 Y - a scroll of acquirement {unknown}
Potions
 b - 2 potions of heal wounds
 f - 3 potions of lignification
 n - 2 potions of attraction
 p - 4 potions of haste
 z - a potion of ambrosia
 B - 3 potions of invisibility
 D - 2 potions of mutation
 K - 4 potions of flight
 T - a potion of resistance
 U - 2 potions of berserk rage {unknown}
 W - a potion of magic {unknown}
Miscellaneous
 Q - a lightning rod (4/4)
 R - a box of beasts


   Skills:
 + Level 8.4 Fighting
 + Level 18.4 Axes
 + Level 5.2 Throwing
 + Level 8.0 Armour
 - Level 2.4 Dodging
 + Level 6.2 Shields


You had 10 spell levels left.
You didn't know any spells.
Your spell library was empty.

Dungeon Overview and Level Annotations

Branches:
Dungeon (12/15)            Temple (1/1) D:5            Lair (0/5) D:10
    Orc (1/2) D:9

Altars:
Ashenzari
Cheibriados
Dithmenos
Elyvilon
Fedhas
Gozag
Hepliaklqana
Kikubaaqudgha
Makhleb
Nemelex Xobeh
Okawaru
Qazlal
Ru
Sif Muna
Trog
Uskayaw
Vehumet
Wu Jian
Xom
Yredelemnul
Zin
The Shining One

Shops:
D:1 =   D:4 !

Annotations:
Orc:1 Maurice


Innate Abilities, Weirdness & Mutations

You have a pair of horns on your head.
You reflexively headbutt those who attack you in melee.


Message History

The manticore is moderately wounded.
You carefully extract the barbed spikes from your body.
The manticore bites you but does no damage.
The manticore claws you but does no damage. x2
You block the manticore's attack. The manticore barely misses you.
The manticore claws you.
You sock the manticore!
The manticore is severely wounded.
The manticore bites you but does no damage.
The manticore claws you but does no damage.
The manticore closely misses you.
You sock the manticore!
The manticore is almost dead.
The manticore barely misses you. The manticore claws you!
You block the manticore's attack. x2
The manticore claws you but does no damage. x2
You hit the manticore.
The manticore is almost dead.
The manticore bites you.
The manticore claws you but does no damage. x2
You hit the manticore.
The manticore is almost dead.
You block the manticore's attack. The manticore barely misses you.
The manticore claws you but does no damage.
The manticore bites you!
* * * LOW HITPOINT WARNING * * *
You block the manticore's attack. The manticore claws you!
* * * LOW HITPOINT WARNING * * *
As you read the scroll of butterflies, it crumbles to dust.
You hear the tinkle of a tiny bell.
The manticore bites you!
* * * LOW HITPOINT WARNING * * *
The manticore claws you but does no damage.
You block the manticore's attack.
You swap places.
The manticore bites your butterfly.
Your butterfly dies!
Your butterfly disappears in a burst of colours!
The manticore flicks its tail.
The volley of spikes hits you!
The barbed spikes become lodged in your body.
You die...

### ### #.. ##.# ##(## #.#. ...
##.# ####### .b> #######.#
......# #.# ##.#.....# #.#...#
##H## ##.#..##### #.#...# #.(.#
##.###.##### # ##.#...##
#.@b####.##.##..... # #.......#
#)).b......#....... #
#.###.#.#####b.bb####.###.###..
###.###.#.#.....bbb....##
##.##..
....##...........)....## ##.#..
###.##....#............##
##.##.# #
#.#.....###.#.....###.###.#....
# #.......#
#.#...<......#.##.#.#
###......##
#.#...#.#####.......#


You could see a manticore (ally target).

Vanquished Creatures
  Snorg (D:12)
  2 hydras
  Erolcha (D:9)
  A two-headed ogre (D:9)
  Pikel (D:4)
  The ghost of croobank the Trooper, a novice GnAK of Lugonu (D:6)
  An elephant (D:10)
  A kobold demonologist (D:9)
  2 unseen horrors
  7 trolls
  A wyvern (D:10)
  17 yaks
  2 wraiths
  A basilisk (D:9)
  6 vampire mosquitoes
  3 swamp worms (D:8)
  Menkaure (D:4)
  A water moccasin (D:7)
  A swamp drake (D:9)
  4 orc warriors (D:9)
  A sky beast (D:6)
  An ice beast (D:6)
  A black bear (D:10)
  2 ogres (D:4)
  5 centaurs
  2 phantoms
  3 bullfrogs (D:7)
  3 kobold brigands
  4 scorpions (D:5)
  4 gnoll sergeants
  2 necrophages
  4 wights (D:8)
  6 killer bees (D:9)
  2 howler monkeys
  2 hounds (D:4)
  3 jellies (D:5)
  3 orc priests
  Ijyb (D:4)
  4 iguanas
  6 orc wizards
  8 adders
  20 gnolls
  An ufetubus (D:6)
  2 worms
  3 dart slugs
  26 orcs
  10 ball pythons
  8 endoplasms
  5 giant cockroaches
  17 goblins
  5 hobgoblins
  5 jackals
  2 bats
  2 frilled lizards (D:2)
  18 kobolds
  4 rats
250 creatures vanquished.

Vanquished Creatures (others)
  A fungus (D:7)
  5 plants
6 creatures vanquished.

Grand Total: 256 creatures vanquished

Notes
Turn   | Place    | Note
-------+----------+-------------------------------------------
     0 | D:1      | sillycutie the Minotaur Berserker began the quest for the
                  | Orb.
     0 | D:1      | Reached XP level 1. HP: 19/19 MP: 0/0
   663 | D:1      | Reached XP level 2. HP: 27/27 MP: 1/1
   824 | D:1      | Reached skill level 4 in Axes
  1199 | D:1      | Reached XP level 3. HP: 33/33 MP: 2/2
  1206 | D:1      | Found Xanagufe's Jewellery Shop.
  1601 | D:2      | Found a faded altar of an unknown god.
  1645 | D:2      | Reached ** piety under Trog
  1646 | D:2      | Reached skill level 5 in Axes
  2198 | D:3      | Reached XP level 4. HP: 40/40 MP: 3/3
  2286 | D:3      | Reached skill level 6 in Axes
  2717 | D:4      | Found Waupsyv's Distillery.
  3005 | D:4      | Reached XP level 5. HP: 42/46 MP: 4/4
  3108 | D:4      | Noticed Ijyb
  3116 | D:4      | Reached skill level 7 in Axes
  3141 | D:4      | Killed Ijyb
  3386 | D:4      | Noticed Menkaure
  3393 | D:4      | Killed Menkaure
  3394 | D:4      | Reached skill level 8 in Axes
  3394 | D:4      | Reached XP level 6. HP: 52/52 MP: 5/5
  3603 | D:4      | Noticed Pikel
  3615 | D:4      | Killed Pikel
  3616 | D:4      | Reached skill level 10 in Axes
  3616 | D:4      | Reached XP level 7. HP: 58/58 MP: 6/6
  3738 | D:4      | Identified the +8 sling of Courage {flame, rPois Str+2
                  | Dex-2}
  3764 | D:4      | Reached skill level 11 in Axes
  4101 | D:4      | Reached XP level 8. HP: 64/66 MP: 7/7
  4452 | D:5      | Entered Level 5 of the Dungeon
  4458 | D:5      | Found a staircase to the Ecumenical Temple.
  4534 | D:5      | Reached skill level 12 in Axes
  5328 | D:5      | Found the +8 Vampire's Tooth {vamp}
  5510 | Temple   | Entered the Ecumenical Temple
  5623 | D:6      | Found a runed translucent door.
  5623 | D:6      | Noticed croobank's ghost (novice GnAK)
  5682 | D:6      | Reached skill level 13 in Axes
  5715 | D:6      | Found a shimmering blue altar of Sif Muna.
  6224 | D:6      | Reached skill level 14 in Axes
  6432 | D:6      | Found a snail-covered altar of Cheibriados.
  6444 | D:6      | Reached XP level 9. HP: 71/71 MP: 8/8
  6752 | D:6      | Killed croobank's ghost
  7027 | D:7      | Reached skill level 15 in Axes
  7330 | D:7      | Noticed a troll
  7344 | D:7      | Killed a troll
  7562 | D:7      | Found a blossoming altar of Fedhas.
  7617 | D:7      | Reached skill level 16 in Axes
  8185 | D:7      | Found an opulent altar of Gozag.
  8222 | D:7      | Reached XP level 10. HP: 78/78 MP: 9/9
  8224 | D:7      | Reached skill level 17 in Axes
  8847 | D:7      | Found an ornate altar of the Wu Jian Council.
  8849 | D:7      | Found a broken altar of Ashenzari.
  9496 | D:8      | Reached skill level 5 in Fighting
  9502 | D:8      | Found a flagged portal.
  9568 | D:8      | Found a sparkling altar of Nemelex Xobeh.
 10325 | D:9      | Reached skill level 1 in Shields
 10327 | D:9      | Noticed Erolcha
 10989 | D:9      | Reached skill level 1 in Throwing
 10994 | D:9      | Killed Erolcha
 10995 | D:9      | Reached skill level 5 in Armour
 11074 | D:9      | Noticed a two-headed ogre
 11296 | D:9      | Killed a two-headed ogre
 11367 | D:9      | Reached XP level 11. HP: 82/91 MP: 10/10
 11739 | D:9      | Found a staircase to the Orcish Mines.
 11925 | Orc:1    | Entered Level 1 of the Orcish Mines
 11925 | Orc:1    | Noticed Maurice
 11925 | Orc:1    | Noticed an orc high priest
 11981 | D:10     | Entered Level 10 of the Dungeon
 12430 | D:10     | Found a staircase to the Lair.
 12702 | D:10     | Reached skill level 18 in Axes
 13247 | D:11     | Reached skill level 5 in Shields
 13599 | D:11     | Noticed a four-headed hydra
 13609 | D:11     | Killed a four-headed hydra
 14210 | D:12     | Noticed Snorg
 14221 | D:12     | Killed Snorg
 14587 | D:12     | Noticed a seven-headed hydra
 14595 | D:12     | Killed a seven-headed hydra
 14596 | D:12     | Reached skill level 5 in Throwing
 15132 | D:12     | Killed from afar by a manticore

Illustrated notes

Levels and vault maps discovered:
D:1:      ncdulo_lavacross, layout_basic, serial_shops, nicolae_lakefront_shop
D:2:      layout_basic, chequers_ecumenical_altar_simple_redux,
          grunt_ministairs_7
D:3:      layout_basic
D:4:      layout_basic, serial_shops, shop, uniq_pikel, uniq_menkaure, uniq_ijyb
D:5:      minmay_recursive_quarters, layout_rooms,
          minmay_temple_entry_large_hall
D:6:      layout_basic, lemuel_crystal_altar, mainiacjoe_overflow_catwalk,
          gammafunk_ghost_grave
D:7:      layout_basic, fedhas_altar_3, nicolae_overflow_hidden_temple
D:8:      layout_basic, nemelex_spade_bored_becter, enter_bailey_3, worms_lemuel
D:9:      layout_loops_ring, erik_orc_1, uniq_erolcha
D:10:     layout_cross, david_lair_generic, hangedman_abyss_or_decor_stabs,
          nrook_campfire
D:11:     layout_basic
D:12:     layout_loops_cross, uniq_snorg
Temple:   hellmonk_temple_of_storms
Orc:1:    layout_caves, uniq_maurice

Skill      XL: |  1  2  3  4  5  6  7  8  9 10 11 |
---------------+----------------------------------+-----
Axes           | 4 5 6 8 10 11 14 16 17 18 | 18.4
Fighting       | 6 8 |  8.4
Armour         | 5 8 |  8.0
Shields        | 3 6 |  6.2
Throwing       | 2 5 |  5.2
Dodging        | |  2.4

Action                   |  1- 3 |  4- 6 |  7- 9 | 10-12 || total
-------------------------+-------+-------+-------+-------++-------
Melee: Hand axe          |    73 |    88 |   217 |    43 ||   421
       Headbutt          |     5 |    11 |    36 |    49 ||   101
       War axe           |       |       |       |   195 ||   195
       Mace              |       |       |       |    37 ||    37
Throw: Stone             |    25 |     4 |    13 |       ||    42
       Boomerang         |    34 |       |    34 |    36 ||   104
       Dart              |    19 |    29 |     7 |    45 ||   100
Invok: Berserk           |     5 |     6 |    11 |    20 ||    42
       Trog's Hand       |     2 |     5 |     2 |    14 ||    23
Evoke: Wand              |       |     1 |       |       ||     1
  Use: Scroll            |     2 |     7 |     6 |    21 ||    36
       Potion            |       |       |     1 |     5 ||     6
 Stab: Confused          |       |       |       |     1 ||     1
Armor: Animal skin       |     4 |       |       |       ||     4
       Ring mail         |    16 |       |       |       ||    16
       Scale mail        |     3 |     5 |       |       ||     8
       Plate armour      |       |    37 |   101 |   250 ||   388
Dodge: Dodged            |    49 |    22 |    56 |    93 ||   220
Block: Buckler           |       |     5 |    21 |       ||    26
       Kite shield       |       |       |       |   159 ||   159
